Rafales vs Mustangs
(R1)
Created - March 14, 2020 at 21:53
Goals
|
| Rafales |
0 |
1 |
1 |
2 |
| Mustangs |
1 |
1 |
2 |
4 |
|
Shots
|
| Rafales |
11 |
14 |
13 |
38 |
| Mustangs |
20 |
7 |
7 |
34 |
|
1st period
1. Mustangs , Josh Jooris 29 (Stefan Matteau 30) at 9:38
Penalties :
Scott Mayfield (Ham) for Hooking (Minor) at 13:44, Josh Jooris (Ham) for Tripping (Minor) at 0:00
2nd period
2. Rafales , Julian Melchiori 6 (Bruno Gervais 25) at 0:37 (PP)
3. Mustangs , Tuomo Ruutu 9 (Jim O'Brien 3, Ben Harpur 17) at 19:11
Penalties :
Scott Mayfield (Ham) for Hooking (Minor) at 0:48, Borna Rendulic (Stf) for Hooking (Minor) at 4:43, Brayden Point (Ham) for Slashing (Minor) at 19:44
3rd period
4. Rafales , Borna Rendulic 8 (Dylan McIlrath 19) at 11:53
5. Mustangs , Damon Severson 6 (Jim O'Brien 4) at 17:44
6. Mustangs , Melker Karlsson 40 (Josh Jooris 44) at 19:12 (Empty Net)
Penalties :
Carl Klingberg (Stf) for Hooking (Minor) at 3:12, Brayden Point (Ham) for Holding (Minor) at 7:02, Damon Severson (Ham) for Hooking (Minor) at 15:41
Goalie Stats
Leland Irving (Stf), 30 saves from 33 shots - (0.909), L, 14-12-2, 59:41 minutes
Chet Pickard (Ham), 36 saves from 38 shots - (0.947), W, 28-13-2, 60:00 minutes
Players Stats for Rafales
Player Name G A P +/- PIM S H SB GA TA FO MP PP MP PK MP
------------------------------------------------------------------------------------
Akim Aliu 0 0 0 0 0 0 0 0 0 0 0/0 0:00 0:00 0:00
Andrew Shaw 0 0 0 -2 0 4 1 0 1 0 1/1 23:00 5:57 2:00
Ben Johnson 0 0 0 0 0 0 0 0 0 0 0/1 1:13 0:00 1:13
Ben Sexton 0 0 0 0 0 0 0 0 0 0 0/0 4:05 0:00 0:50
Ben Thomson 0 0 0 0 0 2 1 1 0 0 1/1 11:25 0:00 0:14
Borna Rendulic 1 0 1 0 2 2 0 0 0 0 0/0 11:11 0:00 0:00
Brad Ross 0 0 0 0 0 0 0 0 0 0 0/0 1:05 0:00 1:05
Bruno Gervais 0 1 1 -3 0 2 0 5 2 1 0/0 30:34 6:38 1:30
Carl Klingberg 0 0 0 -2 2 5 5 0 2 1 0/3 21:12 5:57 0:58
Chris Terry 0 0 0 -1 0 2 3 0 0 0 0/0 16:43 4:36 0:00
Dylan McIlrath 0 1 1 0 0 3 1 1 0 1 0/0 24:27 3:55 2:15
James Marcou 0 0 0 0 0 0 1 2 0 0 0/0 7:53 0:00 0:00
Jayson Megna 0 0 0 -1 0 0 5 0 0 0 5/8 16:43 4:36 0:00
Joe Labate 0 0 0 0 0 1 2 1 0 0 1/5 11:11 0:00 0:00
Joey Laleggia 0 0 0 0 0 0 2 2 0 0 0/0 21:49 3:55 2:15
Julian Melchiori 1 0 1 -3 0 8 3 2 2 1 0/0 27:35 6:38 1:32
Kevin Veilleux 0 0 0 -2 0 4 2 0 0 0 17/33 20:45 5:57 0:39
Ryan Bourque 0 0 0 0 0 4 0 0 0 0 1/2 8:11 0:00 0:18
Slater Koekkoek 0 0 0 0 0 0 0 0 1 0 0/0 11:43 0:00 0:24
Tim Crowder 0 0 0 -1 0 1 1 0 0 0 3/3 17:22 4:36 0:39
Tyrell Goulbourne 0 0 0 0 0 0 1 0 0 0 0/0 7:53 0:00 0:00
Players Stats for Mustangs
Player Name G A P +/- PIM S H SB GA TA FO MP PP MP PK MP
------------------------------------------------------------------------------------
Alexei Marchenko 0 0 0 2 0 0 1 2 0 0 0/0 27:25 2:20 6:48
Andreas Martinsen 0 0 0 3 0 1 4 0 1 1 0/0 15:13 1:46 1:09
Andrew O'Brien 0 0 0 1 0 1 0 1 1 0 0/0 15:49 0:00 3:45
Ben Harpur 0 1 1 0 0 0 3 2 0 1 0/0 22:58 1:38 6:48
Brayden Point 0 0 0 0 4 0 2 0 0 0 0/0 16:07 2:07 0:00
Chrstian Dvorak 0 0 0 0 0 0 0 0 0 0 0/0 8:02 0:00 0:00
Craig Smith 0 0 0 0 0 4 4 0 0 0 0/0 14:55 0:05 3:01
Dakota Mermis 0 0 0 1 0 2 0 0 0 0 0/0 16:58 1:38 3:45
Damon Severson 1 0 1 1 2 2 1 0 0 1 0/0 17:14 2:20 0:00
Iven Barbashev 0 0 0 0 0 1 0 0 1 0 2/3 8:02 0:00 0:00
Jim O'Brien 0 2 2 1 0 1 1 0 0 0 6/10 12:38 0:00 0:13
Jonathan Drouin 0 0 0 0 0 2 1 0 0 0 0/1 15:26 2:07 0:00
Josh Jooris 1 1 2 2 2 2 1 0 1 1 0/0 19:36 1:46 6:23
Max Gortz 0 0 0 0 0 4 0 0 0 0 0/0 8:15 0:05 0:00
Melker Karlsson 1 0 1 1 0 8 1 0 0 1 18/33 22:19 2:07 6:27
Scott Mayfield 0 0 0 2 4 2 1 2 0 0 0/0 19:43 0:00 0:00
Stefan Matteau 0 1 1 1 0 0 1 0 0 1 2/10 16:48 1:46 3:53
Tuomo Ruutu 1 0 1 0 0 4 1 1 0 2 0/0 11:54 0:05 0:00
3 Stars
1 - Chet Pickard (Ham)
2 - Josh Jooris (Ham)
3 - Melker Karlsson (Ham)
Power Play
Rafales - 1 on 6 Attempt(s) - 16.67%
Mustangs - 0 on 2 Attempt(s) - 0.00%
Penalty Kill
Rafales - 2 on 2 Attempt(s) - 100.00%
- Score 0 goal in Penalty Kill
Mustangs - 5 on 6 Attempt(s) - 83.33%
- Score 0 goal in Penalty Kill
Team Stat
Rafales - Hits : 28 - Faceoff Wins : 29 - Blocked Shots : 14 - Penalty Minutes : 4
Mustangs - Hits : 22 - Faceoff Wins : 28 - Blocked Shots : 8 - Penalty Minutes : 12
Official
Referees : Unknown
Linesman : Unknown
Game Notes
Melker Karlsson has scored in a empty net!
Finance
Level 1 -- Attendance: 1473 (73.65%) -- Ticket Income $58,920
Level 2 -- Attendance: 698 (69.80%) -- Ticket Income $13,960
Total Attendance: 2171 (72.37%)
Total Ticket Income: $72,880
Other Income: $3,644
Total Income: $76,524
Rafales
5 vs 5 Forward
Center Left Wing Right Wing Time % Phy DF OF
1 Kevin Veilleux Carl Klingberg Andrew Shaw 40 1 2 2
2 Jayson Megna Chris Terry Tim Crowder 30 1 2 2
3 Joe Labate Ben Thomson Borna Rendulic 20 1 2 2
4 Ryan Bourque Tyrell Goulbourne James Marcou 10 1 2 2
5 vs 5 Defense
Defense Defense Time % Phy DF OF
1 Bruno Gervais Julian Melchiori 40 1 2 2
2 Dylan McIlrath Joey Laleggia 30 1 2 2
3 Slater Koekkoek Bruno Gervais 20 1 2 2
4 Julian Melchiori Dylan McIlrath 10 1 2 2
PowerPlay Forward
Center Left Wing Right Wing Time % Phy DF OF
1 Kevin Veilleux Carl Klingberg Andrew Shaw 60 1 2 2
2 Jayson Megna Chris Terry Tim Crowder 40 1 2 2
PowerPlay Defense
Defense Defense Time % Phy DF OF
1 Bruno Gervais Julian Melchiori 60 1 2 2
2 Dylan McIlrath Joey Laleggia 40 1 2 2
Penalty Kill 4 Players Forward
Center Wing Time % Phy DF OF
1 Carl Klingberg Andrew Shaw 60 1 2 2
2 Tim Crowder Kevin Veilleux 40 1 2 2
Penalty Kill 4 Players Defense
Defense Defense Time % Phy DF OF
1 Bruno Gervais Julian Melchiori 60 1 2 2
2 Dylan McIlrath Joey Laleggia 40 1 2 2
Penalty Kill - 3 Players Forward
Forward Time % Phy DF OF
1 Carl Klingberg 60 1 2 2
2 Andrew Shaw 40 1 2 2
Penalty Kill - 3 Players Defense
Defense Defense Time % Phy DF OF
1 Bruno Gervais Julian Melchiori 60 1 2 2
2 Dylan McIlrath Joey Laleggia 40 1 2 2
4 vs 4 Forward
Center Wing Time % Phy DF OF
1 Carl Klingberg Andrew Shaw 60 1 2 2
2 Tim Crowder Kevin Veilleux 40 1 2 2
4 vs 4 Defense
Defense Defense Time % Phy DF OF
1 Bruno Gervais Julian Melchiori 60 1 2 2
2 Dylan McIlrath Joey Laleggia 40 1 2 2
Last Minutes Offensive
Center Left Wing Right Wing Defense Defense
Kevin Veilleux Carl Klingberg Andrew Shaw Bruno Gervais Julian Melchiori
Last Minutes Defensive
Center Left Wing Right Wing Defense Defense
Kevin Veilleux Carl Klingberg Andrew Shaw Bruno Gervais Julian Melchiori
Goaltenders
Starting : Leland Irving
Backup : Jake Allen
Extra Forwards
Normal : Akim Aliu, Brad Ross, Ben Johnson - PP : Akim Aliu, Brad Ross - PK : Ben Johnson
Extra Defensemen
Normal : Slater Koekkoek, Joey Laleggia, Bruno Gervais - PP : Slater Koekkoek - PK : Joey Laleggia, Bruno Gervais
Penalty Shots
Carl Klingberg, Andrew Shaw, Tim Crowder, Kevin Veilleux, Chris Terry
Scratches
Brian Ferlin (Back Injury), Connor Murphy (Sports Hernia Injury), Nathan Davis (Healthy), David Broll (Healthy), Maksim Mayorov (Broken Right Foot Toe Injury)
Chris Driedger (Healthy), Sean Maguire (Healthy)
Mustangs
5 vs 5 Forward
Center Left Wing Right Wing Time % Phy DF OF
1 Melker Karlsson Jonathan Drouin Brayden Point 40 1 2 2
2 Stefan Matteau Andreas Martinsen Josh Jooris 30 1 2 2
3 Jim O'Brien Tuomo Ruutu Craig Smith 20 1 2 2
4 Iven Barbashev Chrstian Dvorak Max Gortz 10 1 2 2
5 vs 5 Defense
Defense Defense Time % Phy DF OF
1 Alexei Marchenko Scott Mayfield 44 1 2 2
2 Ben Harpur Damon Severson 33 1 2 2
3 Andrew O'Brien Dakota Mermis 23 1 2 2
4 Alexei Marchenko Scott Mayfield 0 1 2 2
PowerPlay Forward
Center Left Wing Right Wing Time % Phy DF OF
1 Melker Karlsson Jonathan Drouin Brayden Point 60 1 2 2
2 Stefan Matteau Andreas Martinsen Josh Jooris 40 1 2 2
PowerPlay Defense
Defense Defense Time % Phy DF OF
1 Alexei Marchenko Damon Severson 60 1 2 2
2 Ben Harpur Dakota Mermis 40 1 2 2
Penalty Kill 4 Players Forward
Center Wing Time % Phy DF OF
1 Melker Karlsson Josh Jooris 60 1 2 2
2 Stefan Matteau Craig Smith 40 1 2 2
Penalty Kill 4 Players Defense
Defense Defense Time % Phy DF OF
1 Alexei Marchenko Ben Harpur 60 1 2 2
2 Dakota Mermis Andrew O'Brien 40 1 2 2
Penalty Kill - 3 Players Forward
Forward Time % Phy DF OF
1 Melker Karlsson 60 1 2 2
2 Stefan Matteau 40 1 2 2
Penalty Kill - 3 Players Defense
Defense Defense Time % Phy DF OF
1 Alexei Marchenko Ben Harpur 60 1 2 2
2 Dakota Mermis Andrew O'Brien 40 1 2 2
4 vs 4 Forward
Center Wing Time % Phy DF OF
1 Melker Karlsson Josh Jooris 60 1 2 2
2 Stefan Matteau Craig Smith 40 1 2 2
4 vs 4 Defense
Defense Defense Time % Phy DF OF
1 Alexei Marchenko Scott Mayfield 60 1 2 2
2 Ben Harpur Damon Severson 40 1 2 2
Last Minutes Offensive
Center Left Wing Right Wing Defense Defense
Melker Karlsson Jonathan Drouin Brayden Point Alexei Marchenko Scott Mayfield
Last Minutes Defensive
Center Left Wing Right Wing Defense Defense
Melker Karlsson Andreas Martinsen Josh Jooris Alexei Marchenko Scott Mayfield
Goaltenders
Starting : Chet Pickard
Backup : Anthony Stolarz
Extra Forwards
Normal : Melker Karlsson, Stefan Matteau, Brayden Point - PP : Josh Jooris, Craig Smith - PK : Melker Karlsson
Extra Defensemen
Normal : Alexei Marchenko, Ben Harpur, Dakota Mermis - PP : Alexei Marchenko - PK : Alexei Marchenko, Ben Harpur
Penalty Shots
Josh Jooris, Melker Karlsson, Stefan Matteau, Brayden Point, Jonathan Drouin
Scratches
Ryan Graves (Healthy), Curtis Hamilton (Healthy), Matthew Finn (Healthy), Danny Biega (Healthy), Kurtis Gabriel (Healthy)
Raphael Bussieres (Healthy), Sam Kurker (Healthy), Josh Ho-Sang (Healthy), Brett Pollock (Healthy), Steven Spinner (Healthy)
Joacim Eriksson (Healthy)
% Time on Ice - Rafales
Lines # - Real PCT - Wanted PCT - Time Play
Normal Forward
1 - 31% - 40% - 14:04
2 - 27% - 30% - 12:07
3 - 25% - 20% - 11:11
4 - 17% - 10% - 7:53
Normal Defense
1 - 42% - 40% - 19:03
2 - 34% - 30% - 15:15
3 - 20% - 20% - 9:14
4 - 4% - 10% - 1:43
PP Forward
1 - 56% - 60% - 5:57
2 - 44% - 40% - 4:36
PP Defense
1 - 63% - 60% - 6:38
2 - 37% - 40% - 3:55
PK Forward
1 - 84% - 60% - 3:19
2 - 16% - 40% - 0:39
PK Defense
1 - 43% - 60% - 1:43
2 - 57% - 40% - 2:15
PK3 Forward
1 - 0% - 60%
2 - 0% - 40%
PK3 Defense
1 - 0% - 60%
2 - 0% - 40%
44 Forward
1 - 0% - 60%
2 - 0% - 40%
44 Defense
1 - 0% - 60%
2 - 0% - 40%
Last Minute Offensive - 0:14
Last Minute Defensive - 0:00
Total
Forward - 60:00
Defense - 60:00
|
% Time on Ice - Mustangs
Lines # - Real PCT - Wanted PCT - Time Play
Normal Forward
1 - 32% - 40% - 14:20
2 - 25% - 30% - 11:04
3 - 26% - 20% - 11:41
4 - 18% - 10% - 8:02
Normal Defense
1 - 41% - 44% - 18:27
2 - 34% - 33% - 15:19
3 - 25% - 23% - 11:21
4 - 0% - 0% - 0:00
PP Forward
1 - 55% - 60% - 2:12
2 - 45% - 40% - 1:46
PP Defense
1 - 59% - 60% - 2:20
2 - 41% - 40% - 1:38
PK Forward
1 - 71% - 60% - 7:32
2 - 29% - 40% - 3:01
PK Defense
1 - 64% - 60% - 6:48
2 - 36% - 40% - 3:45
PK3 Forward
1 - 0% - 60%
2 - 0% - 40%
PK3 Defense
1 - 0% - 60%
2 - 0% - 40%
44 Forward
1 - 0% - 60%
2 - 0% - 40%
44 Defense
1 - 0% - 60%
2 - 0% - 40%
Last Minute Offensive - 0:00
Last Minute Defensive - 0:22
Total
Forward - 60:00
Defense - 60:00
|
Play-by-Play
1st period
0:01 of 1st period - Melker Karlsson wins face-off versus Kevin Veilleux in neutral zone.
0:16 of 1st period - Wrist shot by Carl Klingberg.
0:16 of 1st period - Stopped by Chet Pickard with a rebound.
0:26 of 1st period - Julian Melchiori is hit by Josh Jooris and loses puck.
1:35 of 1st period - Bruno Gervais is hit by Ben Harpur and loses puck.
1:44 of 1st period - Wrist shot by Jonathan Drouin.
1:44 of 1st period - Stopped by Leland Irving with a rebound.
2:16 of 1st period - Wrist shot by Tuomo Ruutu.
2:16 of 1st period - Stopped by Leland Irving with a rebound.
2:56 of 1st period - Snap shot by Melker Karlsson.
2:56 of 1st period - Stopped by Leland Irving with a rebound.
2:58 of 1st period - Slapshot by Melker Karlsson.
2:58 of 1st period - Stopped by Leland Irving with a rebound.
3:00 of 1st period - Slapshot by Andrew O'Brien.
3:00 of 1st period - Stopped by Leland Irving without a rebound.
3:01 of 1st period - Melker Karlsson wins face-off versus Jayson Megna in Rafales zone.
3:27 of 1st period - Tim Crowder is hit by Melker Karlsson and loses puck.
4:00 of 1st period - Wrist shot by Jonathan Drouin.
4:00 of 1st period - Stopped by Leland Irving without a rebound.
4:01 of 1st period - Kevin Veilleux wins face-off versus Stefan Matteau in Rafales zone.
4:06 of 1st period - Slapshot by Julian Melchiori.
4:06 of 1st period - Deflect By Carl Klingberg.
4:06 of 1st period - Shot Misses the Net.
4:06 of 1st period - Puck is out of play.
4:07 of 1st period - Kevin Veilleux wins face-off versus Stefan Matteau in Mustangs zone.
5:17 of 1st period - Joey Laleggia is hit by Andreas Martinsen and loses puck.
5:38 of 1st period - Snap shot by Tim Crowder.
5:38 of 1st period - Shot Misses the Net.
5:40 of 1st period - Snap shot by Dylan McIlrath.
5:40 of 1st period - Shot Blocked by Ben Harpur.
6:16 of 1st period - Scott Mayfield is hit by Julian Melchiori and loses puck.
6:42 of 1st period - Snap shot by Josh Jooris.
6:42 of 1st period - Shot Hit the Post.
6:44 of 1st period - Slapshot by Andreas Martinsen.
6:44 of 1st period - Deflect By Andrew Shaw.
6:44 of 1st period - Stopped by Leland Irving without a rebound.
6:45 of 1st period - Stefan Matteau wins face-off versus Jayson Megna in Rafales zone.
7:36 of 1st period - Snap shot by Max Gortz.
7:36 of 1st period - Shot Misses the Net.
7:38 of 1st period - Slapshot by Andrew O'Brien.
7:38 of 1st period - Shot Misses the Net.
7:40 of 1st period - Wrist shot by Andrew O'Brien.
7:40 of 1st period - Deflect By Max Gortz.
7:40 of 1st period - Stopped by Leland Irving with a rebound.
7:49 of 1st period - Off-side.
7:50 of 1st period - Ryan Bourque wins face-off versus Jim O'Brien in neutral zone.
7:57 of 1st period - Wrist shot by Jim O'Brien.
7:57 of 1st period - Stopped by Leland Irving with a rebound.
8:15 of 1st period - Julian Melchiori is hit by Brayden Point and loses puck.
8:20 of 1st period - Snap shot by Melker Karlsson.
8:20 of 1st period - Stopped by Leland Irving with a rebound.
8:24 of 1st period - Wrist shot by Melker Karlsson.
8:24 of 1st period - Shot Blocked by Dylan McIlrath.
8:26 of 1st period - Snap shot by Brayden Point.
8:26 of 1st period - Shot Blocked by Julian Melchiori.
8:28 of 1st period - Slapshot by Damon Severson.
8:28 of 1st period - Stopped by Leland Irving without a rebound.
8:29 of 1st period - Jayson Megna wins face-off versus Stefan Matteau in Rafales zone.
9:16 of 1st period - Snap shot by Max Gortz.
9:16 of 1st period - Stopped by Leland Irving with a rebound.
9:22 of 1st period - Wrist shot by Max Gortz.
9:22 of 1st period - Stopped by Leland Irving without a rebound.
9:23 of 1st period - Kevin Veilleux wins face-off versus Stefan Matteau in Rafales zone.
9:36 of 1st period - Snap shot by Stefan Matteau.
9:36 of 1st period - Shot Misses the Net.
9:38 of 1st period - Snap shot by Josh Jooris.
9:38 of 1st period - Goal by Josh Jooris - Rafales : 0 - Mustangs : 1.
9:39 of 1st period - Melker Karlsson wins face-off versus Kevin Veilleux in neutral zone.
9:54 of 1st period - Wrist shot by Carl Klingberg.
9:54 of 1st period - Stopped by Chet Pickard with a rebound.
10:04 of 1st period - Bruno Gervais is hit by Andreas Martinsen and loses puck.
10:25 of 1st period - Backhand shot by Andreas Martinsen.
10:25 of 1st period - Deflect By Craig Smith.
10:25 of 1st period - Stopped by Leland Irving with a rebound.
10:41 of 1st period - James Marcou is hit by Tuomo Ruutu and loses puck.
11:02 of 1st period - Slapshot by Carl Klingberg.
11:02 of 1st period - Shot Misses the Net.
11:48 of 1st period - Snap shot by Andreas Martinsen.
11:48 of 1st period - Shot Misses the Net.
11:50 of 1st period - Slapshot by Dakota Mermis.
11:50 of 1st period - Stopped by Leland Irving with a rebound.
12:20 of 1st period - Slapshot by Bruno Gervais.
12:20 of 1st period - Stopped by Chet Pickard without a rebound.
12:21 of 1st period - Iven Barbashev wins face-off versus Kevin Veilleux in Mustangs zone.
12:48 of 1st period - Slapshot by Julian Melchiori.
12:48 of 1st period - Deflect By Alexei Marchenko.
12:48 of 1st period - Stopped by Chet Pickard with a rebound.
12:50 of 1st period - Snap shot by Carl Klingberg.
12:50 of 1st period - Shot Misses the Net.
12:52 of 1st period - Wrist shot by Andrew Shaw.
12:52 of 1st period - Stopped by Chet Pickard with a rebound.
12:54 of 1st period - Slapshot by Julian Melchiori.
12:54 of 1st period - Stopped by Chet Pickard without a rebound.
12:55 of 1st period - Tim Crowder wins face-off versus Melker Karlsson in Mustangs zone.
13:08 of 1st period - Snap shot by Melker Karlsson.
13:08 of 1st period - Stopped by Leland Irving without a rebound.
13:09 of 1st period - Stefan Matteau wins face-off versus Joe Labate in Rafales zone.
13:10 of 1st period - Wrist shot by Josh Jooris.
13:10 of 1st period - Stopped by Leland Irving with a rebound.
13:16 of 1st period - Wrist shot by Andreas Martinsen.
13:16 of 1st period - Shot Blocked by Julian Melchiori.
13:22 of 1st period - Slapshot by Julian Melchiori.
13:22 of 1st period - Deflect By Joe Labate.
13:22 of 1st period - Shot Misses the Net.
13:22 of 1st period - Puck is out of play.
13:23 of 1st period - Andrew Shaw wins face-off versus Melker Karlsson in Mustangs zone.
13:30 of 1st period - Slapshot by Andrew Shaw.
13:30 of 1st period - Shot Blocked by Alexei Marchenko.
13:32 of 1st period - Wrist shot by Carl Klingberg.
13:32 of 1st period - Shot Blocked by Scott Mayfield.
13:44 of 1st period - Minor Penalty to Scott Mayfield for Hooking.
13:45 of 1st period - Kevin Veilleux wins face-off versus Melker Karlsson in Mustangs zone.
14:18 of 1st period - Slapshot by Julian Melchiori.
14:18 of 1st period - Deflect By Melker Karlsson.
14:18 of 1st period - Stopped by Chet Pickard without a rebound.
14:19 of 1st period - Kevin Veilleux wins face-off versus Melker Karlsson in Mustangs zone.
14:51 of 1st period - Snap shot by Tim Crowder.
14:51 of 1st period - Shot Misses the Net.
15:20 of 1st period - Icing by Jayson Megna.
15:21 of 1st period - Kevin Veilleux wins face-off versus Melker Karlsson in Rafales zone.
15:44 of 1st period - Penalty to Scott Mayfield is over, Scott Mayfield is back on ice.
16:17 of 1st period - Alexei Marchenko is hit by James Marcou and loses puck.
16:34 of 1st period - Tim Crowder is hit by Jim O'Brien and loses puck.
16:43 of 1st period - Slapshot by Tuomo Ruutu.
16:43 of 1st period - Stopped by Leland Irving with a rebound.
16:55 of 1st period - Damon Severson is hit by Kevin Veilleux and loses puck.
17:12 of 1st period - Josh Jooris is hit by Joe Labate and loses puck.
17:19 of 1st period - Snap shot by Joe Labate.
17:19 of 1st period - Shot Misses the Net.
17:21 of 1st period - Slapshot by Ben Thomson.
17:21 of 1st period - Shot Blocked by Ben Harpur.
17:23 of 1st period - Snap shot by Joe Labate.
17:23 of 1st period - Stopped by Chet Pickard with a rebound.
17:35 of 1st period - Julian Melchiori is hit by Ben Harpur and loses puck.
17:42 of 1st period - Jim O'Brien is hit by Julian Melchiori.
18:13 of 1st period - Melker Karlsson is hit by Chris Terry and loses puck.
18:34 of 1st period - Slapshot by Borna Rendulic.
18:34 of 1st period - Stopped by Chet Pickard with a rebound.
18:36 of 1st period - Wrist shot by Julian Melchiori.
18:36 of 1st period - Stopped by Chet Pickard with a rebound.
18:38 of 1st period - Snap shot by Borna Rendulic.
18:38 of 1st period - Shot Blocked by Andrew O'Brien.
18:42 of 1st period - Wrist shot by Ben Thomson.
18:42 of 1st period - Stopped by Chet Pickard without a rebound.
18:43 of 1st period - Jim O'Brien wins face-off versus Kevin Veilleux in Mustangs zone.
18:48 of 1st period - Snap shot by Craig Smith.
18:48 of 1st period - Stopped by Leland Irving without a rebound.
18:49 of 1st period - Kevin Veilleux wins face-off versus Jim O'Brien in Rafales zone.
19:04 of 1st period - Snap shot by Andrew Shaw.
19:04 of 1st period - Shot Misses the Net.
19:17 of 1st period - Off-side.
19:18 of 1st period - Jayson Megna wins face-off versus Jonathan Drouin in neutral zone.
19:43 of 1st period - Josh Jooris is hit by Joe Labate and loses puck.
Goals for this period are 0 for Rafales vs 1 for Mustangs.
Shots for this period are 11 for Rafales vs 20 for Mustangs.
0:00 of 2nd period - Minor Penalty to Josh Jooris for Tripping.
2nd period
0:01 of 2nd period - Melker Karlsson wins face-off versus Kevin Veilleux in neutral zone.
0:10 of 2nd period - Snap shot by Melker Karlsson.
0:10 of 2nd period - Shot Misses the Net.
0:12 of 2nd period - Wrist shot by Melker Karlsson.
0:12 of 2nd period - Shot Misses the Net.
0:37 of 2nd period - Slapshot by Julian Melchiori.
0:37 of 2nd period - Goal by Julian Melchiori - Rafales : 1 - Mustangs : 1.
0:38 of 2nd period - Kevin Veilleux wins face-off versus Melker Karlsson in neutral zone.
0:48 of 2nd period - Minor Penalty to Scott Mayfield for Hooking.
0:49 of 2nd period - Melker Karlsson wins face-off versus Kevin Veilleux in Mustangs zone.
1:15 of 2nd period - Snap shot by Tim Crowder.
1:15 of 2nd period - Stopped by Chet Pickard without a rebound.
1:16 of 2nd period - Jayson Megna wins face-off versus Melker Karlsson in Mustangs zone.
1:37 of 2nd period - Snap shot by Chris Terry.
1:37 of 2nd period - Shot Misses the Net.
1:43 of 2nd period - Snap shot by Carl Klingberg.
1:43 of 2nd period - Stopped by Chet Pickard with a rebound.
1:45 of 2nd period - Wrist shot by Kevin Veilleux.
1:45 of 2nd period - Stopped by Chet Pickard without a rebound.
1:46 of 2nd period - Melker Karlsson wins face-off versus Kevin Veilleux in Mustangs zone.
2:37 of 2nd period - Melker Karlsson is hit by Jayson Megna and loses puck.
2:48 of 2nd period - Penalty to Scott Mayfield is over, Scott Mayfield is back on ice.
3:09 of 2nd period - Snap shot by Chrstian Dvorak.
3:09 of 2nd period - Shot Misses the Net.
3:49 of 2nd period - Slapshot by Andreas Martinsen.
3:49 of 2nd period - Shot Misses the Net.
3:51 of 2nd period - Slapshot by Scott Mayfield.
3:51 of 2nd period - Deflect By Andrew Shaw.
3:51 of 2nd period - Stopped by Leland Irving without a rebound.
3:52 of 2nd period - Kevin Veilleux wins face-off versus Stefan Matteau in Rafales zone.
3:52 of 2nd period - Kevin Veilleux is hit by Andreas Martinsen.
4:04 of 2nd period - Slapshot by Dylan McIlrath.
4:04 of 2nd period - Shot Misses the Net.
4:43 of 2nd period - Minor Penalty to Borna Rendulic for Hooking.
4:44 of 2nd period - Melker Karlsson wins face-off versus Carl Klingberg in Rafales zone.
6:04 of 2nd period - Alexei Marchenko is hit by Carl Klingberg and loses puck.
6:30 of 2nd period - Joey Laleggia is hit by Brayden Point.
6:43 of 2nd period - Penalty to Borna Rendulic is over, Borna Rendulic is back on ice.
7:05 of 2nd period - Bruno Gervais is hit by Craig Smith.
7:27 of 2nd period - Snap shot by Max Gortz.
7:27 of 2nd period - Stopped by Leland Irving without a rebound.
7:28 of 2nd period - Joe Labate wins face-off versus Iven Barbashev in Rafales zone.
7:28 of 2nd period - Joe Labate is hit by Scott Mayfield.
7:36 of 2nd period - Wrist shot by Ben Thomson.
7:36 of 2nd period - Stopped by Chet Pickard with a rebound.
7:38 of 2nd period - Slapshot by Dylan McIlrath.
7:38 of 2nd period - Stopped by Chet Pickard with a rebound.
7:40 of 2nd period - Slapshot by Dylan McIlrath.
7:40 of 2nd period - Stopped by Chet Pickard with a rebound.
7:50 of 2nd period - Slapshot by Scott Mayfield.
7:50 of 2nd period - Shot Misses the Net.
7:56 of 2nd period - Andrew O'Brien is hit by Carl Klingberg and loses puck.
9:17 of 2nd period - Snap shot by Tuomo Ruutu.
9:17 of 2nd period - Shot Blocked by Joe Labate.
11:02 of 2nd period - Off-side.
11:03 of 2nd period - Kevin Veilleux wins face-off versus Melker Karlsson in neutral zone.
11:19 of 2nd period - Scott Mayfield is hit by Carl Klingberg and loses puck.
11:34 of 2nd period - Josh Jooris is hit by Jayson Megna.
11:38 of 2nd period - Snap shot by Stefan Matteau.
11:38 of 2nd period - Shot Misses the Net.
11:50 of 2nd period - Craig Smith is hit by Ben Thomson and loses puck.
12:01 of 2nd period - Joey Laleggia is hit by Craig Smith and loses puck.
12:19 of 2nd period - Iven Barbashev is hit by Dylan McIlrath and loses puck.
13:37 of 2nd period - Snap shot by Melker Karlsson.
13:37 of 2nd period - Shot Misses the Net.
13:39 of 2nd period - Snap shot by Melker Karlsson.
13:39 of 2nd period - Shot Misses the Net.
13:41 of 2nd period - Slapshot by Andrew O'Brien.
13:41 of 2nd period - Shot Misses the Net.
13:43 of 2nd period - Slapshot by Dakota Mermis.
13:43 of 2nd period - Stopped by Leland Irving with a rebound.
13:45 of 2nd period - Wrist shot by Melker Karlsson.
13:45 of 2nd period - Stopped by Leland Irving with a rebound.
13:47 of 2nd period - Wrist shot by Jonathan Drouin.
13:47 of 2nd period - Deflect By Melker Karlsson.
13:47 of 2nd period - Shot Blocked by James Marcou.
13:47 of 2nd period - Puck is out of play.
13:48 of 2nd period - Tim Crowder wins face-off versus Stefan Matteau in Rafales zone.
13:53 of 2nd period - Slapshot by Stefan Matteau.
13:53 of 2nd period - Shot Blocked by Bruno Gervais.
14:03 of 2nd period - Snap shot by Chris Terry.
14:03 of 2nd period - Stopped by Chet Pickard without a rebound.
14:04 of 2nd period - Jim O'Brien wins face-off versus Joe Labate in Mustangs zone.
15:12 of 2nd period - Ben Harpur is hit by Jayson Megna and loses puck.
15:23 of 2nd period - Wrist shot by Max Gortz.
15:23 of 2nd period - Shot Blocked by James Marcou.
16:33 of 2nd period - Snap shot by Tuomo Ruutu.
16:33 of 2nd period - Stopped by Leland Irving with a rebound.
16:35 of 2nd period - Slapshot by Scott Mayfield.
16:35 of 2nd period - Stopped by Leland Irving without a rebound.
16:36 of 2nd period - Jim O'Brien wins face-off versus Jayson Megna in Rafales zone.
17:46 of 2nd period - Joey Laleggia is hit by Craig Smith and loses puck.
18:14 of 2nd period - Slapshot by Dylan McIlrath.
18:14 of 2nd period - Deflect By Stefan Matteau.
18:14 of 2nd period - Stopped by Chet Pickard without a rebound.
18:15 of 2nd period - Kevin Veilleux wins face-off versus Melker Karlsson in Mustangs zone.
19:09 of 2nd period - Wrist shot by Jim O'Brien.
19:09 of 2nd period - Shot Blocked by Joey Laleggia.
19:11 of 2nd period - Wrist shot by Tuomo Ruutu.
19:11 of 2nd period - Goal by Tuomo Ruutu - Rafales : 1 - Mustangs : 2.
19:12 of 2nd period - Kevin Veilleux wins face-off versus Melker Karlsson in neutral zone.
19:22 of 2nd period - Snap shot by Carl Klingberg.
19:22 of 2nd period - Stopped by Chet Pickard without a rebound.
19:23 of 2nd period - Kevin Veilleux wins face-off versus Melker Karlsson in Mustangs zone.
19:24 of 2nd period - Snap shot by Carl Klingberg.
19:24 of 2nd period - Stopped by Chet Pickard with a rebound.
19:30 of 2nd period - Wrist shot by Andrew Shaw.
19:30 of 2nd period - Shot Misses the Net.
19:32 of 2nd period - Snap shot by Kevin Veilleux.
19:32 of 2nd period - Stopped by Chet Pickard with a rebound.
19:34 of 2nd period - Snap shot by Carl Klingberg.
19:34 of 2nd period - Shot Blocked by Scott Mayfield.
19:36 of 2nd period - Snap shot by Kevin Veilleux.
19:36 of 2nd period - Deflect By Melker Karlsson.
19:36 of 2nd period - Stopped by Chet Pickard without a rebound.
19:37 of 2nd period - Kevin Veilleux wins face-off versus Melker Karlsson in Mustangs zone.
19:40 of 2nd period - Slapshot by Andrew Shaw.
19:40 of 2nd period - Stopped by Chet Pickard without a rebound.
19:41 of 2nd period - Melker Karlsson wins face-off versus Kevin Veilleux in Mustangs zone.
19:41 of 2nd period - Melker Karlsson is hit by Andrew Shaw.
19:44 of 2nd period - Minor Penalty to Brayden Point for Slashing.
19:45 of 2nd period - Kevin Veilleux wins face-off versus Melker Karlsson in Mustangs zone.
Goals for this period are 1 for Rafales vs 1 for Mustangs.
Shots for this period are 14 for Rafales vs 7 for Mustangs.
3rd period
0:01 of 3rd period - Melker Karlsson wins face-off versus Kevin Veilleux in neutral zone.
0:10 of 3rd period - Snap shot by Josh Jooris.
0:10 of 3rd period - Shot Misses the Net.
0:26 of 3rd period - Melker Karlsson is hit by Jayson Megna and loses puck.
0:59 of 3rd period - Wrist shot by Craig Smith.
0:59 of 3rd period - Shot Misses the Net.
1:09 of 3rd period - Alexei Marchenko is hit by Chris Terry.
1:23 of 3rd period - Tim Crowder is hit by Alexei Marchenko and loses puck.
1:44 of 3rd period - Penalty to Brayden Point is over, Brayden Point is back on ice.
2:23 of 3rd period - Icing by Tyrell Goulbourne.
2:24 of 3rd period - Iven Barbashev wins face-off versus Ryan Bourque in Rafales zone.
2:35 of 3rd period - Snap shot by James Marcou.
2:35 of 3rd period - Shot Misses the Net.
2:37 of 3rd period - Wrist shot by James Marcou.
2:37 of 3rd period - Deflect By Ryan Bourque.
2:37 of 3rd period - Stopped by Chet Pickard with a rebound.
2:39 of 3rd period - Slapshot by Julian Melchiori.
2:39 of 3rd period - Deflect By Scott Mayfield.
2:39 of 3rd period - Stopped by Chet Pickard with a rebound.
2:41 of 3rd period - Slapshot by Bruno Gervais.
2:41 of 3rd period - Stopped by Chet Pickard with a rebound.
2:43 of 3rd period - Slapshot by Julian Melchiori.
2:43 of 3rd period - Stopped by Chet Pickard with a rebound.
2:49 of 3rd period - Wrist shot by Ryan Bourque.
2:49 of 3rd period - Stopped by Chet Pickard with a rebound.
2:51 of 3rd period - Wrist shot by James Marcou.
2:51 of 3rd period - Deflect By Ryan Bourque.
2:51 of 3rd period - Stopped by Chet Pickard without a rebound.
2:52 of 3rd period - Melker Karlsson wins face-off versus Kevin Veilleux in Mustangs zone.
2:52 of 3rd period - Melker Karlsson is hit by Joey Laleggia.
3:06 of 3rd period - Wrist shot by Melker Karlsson.
3:06 of 3rd period - Stopped by Leland Irving with a rebound.
3:12 of 3rd period - Minor Penalty to Carl Klingberg for Hooking.
3:13 of 3rd period - Melker Karlsson wins face-off versus Ben Johnson in Rafales zone.
3:20 of 3rd period - Snap shot by Melker Karlsson.
3:20 of 3rd period - Stopped by Leland Irving with a rebound.
3:43 of 3rd period - Wrist shot by Andreas Martinsen.
3:43 of 3rd period - Shot Blocked by Joey Laleggia.
5:12 of 3rd period - Penalty to Carl Klingberg is over, Carl Klingberg is back on ice.
5:12 of 3rd period - Slater Koekkoek is hit by Craig Smith and loses puck.
5:17 of 3rd period - Slapshot by Craig Smith.
5:17 of 3rd period - Shot Blocked by Bruno Gervais.
5:19 of 3rd period - Slapshot by Andrew O'Brien.
5:19 of 3rd period - Deflect By Max Gortz.
5:19 of 3rd period - Shot Blocked by Bruno Gervais.
5:19 of 3rd period - Puck is out of play.
5:20 of 3rd period - Jayson Megna wins face-off versus Jim O'Brien in Rafales zone.
5:33 of 3rd period - Slapshot by Dakota Mermis.
5:33 of 3rd period - Shot Misses the Net.
5:36 of 3rd period - Icing by Jayson Megna.
5:37 of 3rd period - Tim Crowder wins face-off versus Stefan Matteau in Rafales zone.
6:03 of 3rd period - Snap shot by Chris Terry.
6:03 of 3rd period - Stopped by Chet Pickard without a rebound.
6:04 of 3rd period - Melker Karlsson wins face-off versus Kevin Veilleux in Mustangs zone.
6:19 of 3rd period - Ben Harpur is hit by Carl Klingberg and loses puck.
6:29 of 3rd period - Icing by Julian Melchiori.
6:30 of 3rd period - Kevin Veilleux wins face-off versus Stefan Matteau in Rafales zone.
6:40 of 3rd period - Chris Terry is hit by Stefan Matteau and loses puck.
7:02 of 3rd period - Minor Penalty to Brayden Point for Holding.
7:03 of 3rd period - Melker Karlsson wins face-off versus Carl Klingberg in Mustangs zone.
7:07 of 3rd period - Slapshot by Andrew Shaw.
7:07 of 3rd period - Shot Blocked by Alexei Marchenko.
7:09 of 3rd period - Snap shot by Kevin Veilleux.
7:09 of 3rd period - Stopped by Chet Pickard with a rebound.
7:13 of 3rd period - Slapshot by Andrew Shaw.
7:13 of 3rd period - Stopped by Chet Pickard with a rebound.
7:15 of 3rd period - Slapshot by Joey Laleggia.
7:15 of 3rd period - Deflect By Kevin Veilleux.
7:15 of 3rd period - Shot Misses the Net.
7:15 of 3rd period - Puck is out of play.
7:16 of 3rd period - Kevin Veilleux wins face-off versus Melker Karlsson in Mustangs zone.
7:57 of 3rd period - Melker Karlsson is hit by Tim Crowder and loses puck.
9:02 of 3rd period - Penalty to Brayden Point is over, Brayden Point is back on ice.
9:35 of 3rd period - Scott Mayfield is hit by Tyrell Goulbourne and loses puck.
9:48 of 3rd period - Jonathan Drouin is hit by Joey Laleggia and loses puck.
10:03 of 3rd period - Snap shot by Joey Laleggia.
10:03 of 3rd period - Shot Misses the Net.
10:13 of 3rd period - Andreas Martinsen is hit by Jayson Megna and loses puck.
10:42 of 3rd period - Off-side.
10:43 of 3rd period - Jim O'Brien wins face-off versus Kevin Veilleux in neutral zone.
11:35 of 3rd period - Slapshot by Dylan McIlrath.
11:35 of 3rd period - Shot Blocked by Tuomo Ruutu.
11:53 of 3rd period - Snap shot by Borna Rendulic.
11:53 of 3rd period - Goal by Borna Rendulic - Rafales : 2 - Mustangs : 2.
11:54 of 3rd period - Melker Karlsson wins face-off versus Kevin Veilleux in neutral zone.
12:05 of 3rd period - Snap shot by Andrew Shaw.
12:05 of 3rd period - Stopped by Chet Pickard without a rebound.
12:06 of 3rd period - Melker Karlsson wins face-off versus Kevin Veilleux in Mustangs zone.
13:01 of 3rd period - Snap shot by Iven Barbashev.
13:01 of 3rd period - Stopped by Leland Irving without a rebound.
13:02 of 3rd period - Melker Karlsson wins face-off versus Carl Klingberg in Rafales zone.
13:43 of 3rd period - Snap shot by Andreas Martinsen.
13:43 of 3rd period - Shot Blocked by Bruno Gervais.
14:20 of 3rd period - Snap shot by Ryan Bourque.
14:20 of 3rd period - Stopped by Chet Pickard with a rebound.
14:22 of 3rd period - Wrist shot by Ryan Bourque.
14:22 of 3rd period - Shot Misses the Net.
14:32 of 3rd period - Dakota Mermis is hit by Chris Terry and loses puck.
14:49 of 3rd period - Andrew O'Brien is hit by Carl Klingberg and loses puck.
15:33 of 3rd period - Dylan McIlrath is hit by Damon Severson and loses puck.
15:41 of 3rd period - Minor Penalty to Damon Severson for Hooking.
15:42 of 3rd period - Jayson Megna wins face-off versus Melker Karlsson in Mustangs zone.
15:50 of 3rd period - Snap shot by Julian Melchiori.
15:50 of 3rd period - Shot Misses the Net.
15:52 of 3rd period - Slapshot by Bruno Gervais.
15:52 of 3rd period - Shot Misses the Net.
15:54 of 3rd period - Slapshot by Julian Melchiori.
15:54 of 3rd period - Stopped by Chet Pickard without a rebound.
15:55 of 3rd period - Melker Karlsson wins face-off versus Kevin Veilleux in Mustangs zone.
15:55 of 3rd period - Melker Karlsson is hit by Julian Melchiori.
16:11 of 3rd period - Wrist shot by Melker Karlsson.
16:11 of 3rd period - Shot Misses the Net.
17:39 of 3rd period - Chris Terry is hit by Andreas Martinsen and loses puck.
17:41 of 3rd period - Penalty to Damon Severson is over, Damon Severson is back on ice.
17:44 of 3rd period - Wrist shot by Damon Severson.
17:44 of 3rd period - Goal by Damon Severson - Rafales : 2 - Mustangs : 3.
17:45 of 3rd period - Jim O'Brien wins face-off versus Joe Labate in neutral zone.
17:55 of 3rd period - Snap shot by Jim O'Brien.
17:55 of 3rd period - Deflect By Tuomo Ruutu.
17:55 of 3rd period - Shot Blocked by Bruno Gervais.
17:55 of 3rd period - Puck is out of play.
17:56 of 3rd period - Jim O'Brien wins face-off versus Joe Labate in Rafales zone.
18:09 of 3rd period - Slapshot by Craig Smith.
18:09 of 3rd period - Stopped by Leland Irving with a rebound.
18:11 of 3rd period - Slapshot by Craig Smith.
18:11 of 3rd period - Stopped by Leland Irving with a rebound.
18:13 of 3rd period - Backhand shot by Craig Smith.
18:13 of 3rd period - Shot Blocked by Ben Thomson.
18:23 of 3rd period - Melker Karlsson is hit by Kevin Veilleux and loses puck.
18:30 of 3rd period - Bruno Gervais is hit by Jonathan Drouin.
18:46 of 3rd period - Jayson Megna is hit by Ben Harpur and loses puck.
18:53 of 3rd period - Rafales, Leland Irving is pulled from the net.
19:04 of 3rd period - Off-side.
19:05 of 3rd period - Paul MacLean call a timeout for Rafales.
19:05 of 3rd period - Melker Karlsson wins face-off versus Kevin Veilleux in neutral zone.
19:12 of 3rd period - Slapshot by Melker Karlsson.
19:12 of 3rd period - Goal by Melker Karlsson - Rafales : 2 - Mustangs : 4.
19:12 of 3rd period - Leland Irving from Rafales was sent back in the game.
19:13 of 3rd period - Ben Thomson wins face-off versus Jim O'Brien in neutral zone.
Goals for this period are 1 for Rafales vs 2 for Mustangs.
Shots for this period are 13 for Rafales vs 7 for Mustangs.
Back to the Top